Map: [ESL] Dynasty

Players

herO

  • Race: Protoss Protoss
  • Spawn Location: 1:00

Maru - Winner!

  • Race: Terran Terran
  • Spawn Location: 7:00

Event: ESL Spring 2024 Finals

VOD

Have the link to the VOD?

Description

Time

  • Played on: June 1, 2024, 3:17 p.m.
  • Length: 12:03

All games in this series

Show
View Real Time Build Order
Export as new Build Order

herO Protoss 

Build Orders: Oracle Opening, Phoenix Opening 

Get SALT Encoding   

  12  0:00  Probe  
  13  0:12  Probe  
  14  0:17  Pylon  
  14  0:24  Probe  
  15  0:35  Gateway  
  15  0:36  Probe (Chrono Boost)  
  15  0:42  Assimilator  
  16  0:47  Probe (Chrono Boost)  
  17  0:51  Assimilator  
  17  0:52  Probe (Chrono Boost)  
  18  1:00  Pylon  
  18  1:03  Probe  
  19  1:15  Probe  
  20  1:24  Cybernetics Core  
  20  1:27  Probe  
  21  1:39  Probe  
  22  1:49  Nexus  
  22  1:51  Probe  
  23  1:57  Stalker (Chrono Boost)  
  25  2:10  Stargate  
  25  2:12  Probe  
  26  2:15  Warp Gate  
  26  2:22  Adept  
  28  2:25  Probe  
  29  2:37  Probe  
  29  2:39  Pylon  
  30  2:49  Probe  
  31  2:55  Oracle (Chrono Boost)  
  31  2:57  Shield Battery  
  34  3:02  Probe (Chrono Boost)  
  36  3:06  Adept, Probe (Chrono Boost)  
  36  3:12  Probe (Chrono Boost)  
  39  3:15  Probe (Chrono Boost)  
  39  3:17  Probe (Chrono Boost)  
  41  3:22  Phoenix (Chrono Boost)  
  41  3:24  Shield Battery  
  43  3:27  Probe  
  43  3:28  Probe  
  43  3:33  Assimilator  
  45  3:40  Phoenix  
  47  3:49  Probe x2  
  47  3:51  Pylon  
  49  4:02  Shield Battery  
  49  4:05  Phoenix (Chrono Boost)  
  49  4:07  Probe  
  49  4:09  Probe  
  50  4:22  Phoenix (Chrono Boost)  
  52  4:26  Stalker  
  54  4:34  Probe x2  
  56  4:45  Phoenix  
  54  4:46  Probe x2  
  54  4:51  Stalker  
  55  5:09  Phoenix  
  53  5:15  Stalker  
  53  5:18  Probe x2  
  55  5:31  Probe x2  
  55  5:34  Phoenix (Chrono Boost)  
  57  5:42  Stalker  
  54  5:44  Probe  
  54  6:03  Pylon  
  54  6:04  Pylon  
  52  6:15  Gateway  
  52  6:24  Nexus  
  52  6:25  Probe  
  53  6:31  Phoenix  
  55  6:36  Sentry  
  54  6:44  Probe  
  53  6:57  Probe  
  48  7:04  Twilight Council  
  48  7:06  Oracle (Chrono Boost)  
  46  7:09  Probe  
  46  7:12  Pylon  
  46  7:14  Sentry x2  
  55  7:29  Nexus  
  54  7:31  Probe  
  55  7:37  Probe  
  54  7:51  Blink (Chrono Boost)  
  54  7:53  Probe x2  
  54  7:57  Dark Shrine  
  54  8:00  Stalker  
  54  8:03  Zealot  
  58  8:06  Assimilator, Probe x2  
  60  8:15  Gateway  
  60  8:17  Shield Battery  
  60  8:19  Gateway  
  60  8:23  Gateway  
  60  8:27  Stalker  
  60  8:33  Phoenix (Chrono Boost)  
  62  8:40  Zealot  
  66  8:51  Zealot  
  68  8:57  Gateway  
  68  8:58  Gateway  
  67  9:07  Gateway  
  67  9:09  Dark Templar  
  69  9:11  Dark Templar  
  71  9:23  Stalker x2  
  75  9:28  Stalker  
  69  9:55  Probe x3 (Chrono Boost)  
  69  9:57  Stalker x4  
  76  10:01  Charge (Chrono Boost)  
  76  10:04  Probe x3 (Chrono Boost)  
  79  10:08  Dark Templar  
  79  10:09  Probe (Chrono Boost)  
  82  10:19  Forge  
  82  10:27  Robotics Facility  
  82  10:33  Zealot x3  
  88  10:36  Pylon  
  84  10:44  Stalker x3  
  76  10:57  Nexus  
  73  11:13  Zealot x3, Sentry  
  73  11:14  Observer  
  82  11:18  Zealot  
  82  11:24  Zealot  
  82  11:40  Zealot x2  
  66  11:48  Zealot x2  
Show
View Real Time Build Order
Export as new Build Order

Maru Terran - Winner!

Build Orders: 1/1/1, Cyclone Opening 

Get SALT Encoding   

  12  0:00  SCV  
  13  0:12  SCV  
  14  0:17  Supply Depot  
  14  0:25  SCV  
  15  0:38  SCV  
  15  0:39  Barracks  
  15  0:42  Refinery  
  16  0:51  SCV  
  16  0:52  Refinery  
  17  1:03  SCV  
  18  1:15  SCV  
  19  1:26  Reaper  
  19  1:27  Orbital Command  
  19  1:28  Supply Depot  
  20  1:40  Factory  
  20  1:52  SCV  
  21  1:58  Barracks Reactor  
  21  2:04  SCV  
  22  2:16  SCV  
  22  2:18  Supply Depot  
  23  2:25  Starport  
  23  2:29  SCV  
  24  2:38  Cyclone x2  
  24  2:41  Supply Depot, Marine  
  24  2:43  SCV  
  30  2:55  SCV  
  31  3:01  Liberator  
  34  3:10  Hellion x2  
  38  3:27  Command Center  
  38  3:30  Barracks Tech Lab  
  38  3:36  Cyclone  
  38  3:39  SCV  
  41  3:46  Cyclone  
  42  3:49  Marine  
  42  3:53  SCV  
  37  4:05  SCV  
  37  4:09  Viking  
  34  4:14  Bunker  
  34  4:18  SCV  
  34  4:23  Cyclone  
  37  4:29  Cyclone  
  37  4:30  SCV  
  39  4:42  SCV  
  37  4:50  Liberator  
  39  4:54  SCV  
  39  4:55  Cyclone  
  39  4:58  Orbital Command  
  42  5:06  SCV  
  43  5:11  Cyclone  
  45  5:18  SCV  
  43  5:30  SCV  
  43  5:31  SCV  
  44  5:35  Barracks  
  44  5:36  Barracks  
  44  5:42  SCV  
  44  5:43  SCV, Cyclone  
  43  5:54  SCV  
  43  5:56  SCV  
  41  6:02  Cyclone  
  38  6:06  SCV  
  38  6:08  SCV  
  39  6:15  Marine  
  40  6:19  SCV  
  40  6:20  SCV  
  42  6:29  Stimpack  
  42  6:31  SCV  
  42  6:32  SCV  
  44  6:35  Marine  
  44  6:36  Marine  
  46  6:43  SCV, Cyclone  
  46  6:44  SCV  
  44  6:49  Cyclone  
  42  6:54  Marine  
  42  6:55  SCV, Marine  
  42  6:58  SCV  
  46  7:07  SCV  
  46  7:12  Marine x3  
  46  7:14  SCV  
  50  7:19  Supply Depot  
  49  7:23  SCV  
  49  7:26  SCV  
  51  7:30  Marine  
  51  7:32  Marine x2  
  51  7:33  Medivac  
  51  7:34  Medivac  
  51  7:35  SCV  
  59  7:38  SCV  
  60  7:44  Supply Depot  
  60  7:47  SCV  
  60  7:50  Marine  
  58  7:54  Marine x2, Factory Tech Lab  
  58  7:58  SCV  
  60  7:59  SCV  
  61  8:06  Engineering Bay  
  61  8:12  Marine  
  61  8:14  Combat Shield  
  60  8:20  Barracks Tech Lab, Barracks Reactor  
  60  8:21  SCV x2  
  61  8:31  Terran Infantry Weapons Level 1  
  61  8:33  SCV  
  61  8:34  Marine  
  63  8:47  SCV x2  
  65  8:50  Refinery  
  65  8:51  Marine  
  65  8:52  Concussive Shells, Command Center  
  66  8:57  Marine x2  
  66  8:58  Marauder  
  66  9:01  Supply Depot, SCV  
  71  9:08  SCV  
  71  9:09  Marine  
  73  9:11  Siege Tank  
  73  9:15  SCV, Marine  
  78  9:20  Supply Depot  
  78  9:23  Marine, Marauder  
  81  9:28  Marauder  
  81  9:31  Missile Turret  
  81  9:32  SCV x2  
  81  9:40  Barracks  
  81  9:41  Marine x2  
  81  9:44  Barracks  
  81  9:45  Marauder  
  84  9:46  Medivac  
  84  9:49  Marauder  
  84  9:51  SCV  
  81  9:57  Missile Turret  
  80  10:02  SCV, Missile Turret  
  80  10:03  SCV  
  80  10:04  Siege Tank  
  80  10:06  Marauder  
  87  10:10  Orbital Command  
  87  10:14  SCV  
  88  10:18  Marauder  
  89  10:22  SCV  
  89  10:26  SCV  
  89  10:27  Medivac  
  89  10:28  Marauder  
  95  10:34  Barracks Reactor  
  95  10:35  Marine  
  95  10:37  SCV  
  95  10:40  Marauder  
  95  10:42  Marine  
  99  10:49  Marauder  
  100  10:52  Supply Depot x2  
  100  10:53  SCV x2  
  100  10:56  Barracks Tech Lab  
  102  11:00  SCV  
  102  11:01  Marauder  
  105  11:05  SCV  
  105  11:06  SCV  
  105  11:07  Marine x2  
  105  11:08  Supply Depot  
  109  11:14  Marauder  
  111  11:22  Siege Tank, Marauder  
  111  11:24  SCV x2  
  118  11:28  Medivac  
  118  11:29  SCV  
  118  11:32  Marine  
  119  11:33  Marine  
  119  11:35  Supply Depot  
  119  11:36  Supply Depot, SCV  
  121  11:41  Marine, Marauder x2  
  121  11:44  Marine  
Tags
 
Add a new tag
Caveats
  • Supply blocks, unpowered buildings, or Contaminate may cause inaccurate times.
  • Supply counts are checked every 10 seconds.